 Dungeon Crawl Stone Soup version 0.30.1-3-gfc49f6343a (webtiles) character file.

Game seed: 9761736993389889718

20901 CraigForest the Grappler (level 12, -13/109 HPs)
             Began as a Troll Fighter on July 25, 2023.
             Was a High Priest of Qazlal.
             Mangled by an ice devil (18 damage)
             ... summoned by an orc high priest
             ... on level 2 of the Orcish Mines.
             The game lasted 01:12:48 (8873 turns).

CraigForest the Grappler (Troll Fighter)            Turns: 8873, Time: 01:12:48

Health: -13/109    AC: 13    Str: 32    XL:     12   Next: 49%
Magic:  11/11      EV: 12    Int:  3    God:    Qazlal [*****.]
Gold:   1810       SH: 24    Dex: 17    Spells: 11/11 levels left

rFire   . .          .
                       - Unarmed
rCold   . . .        P - +0 tower shield
rNeg    + . .        U - +0 acid dragon scales
rPois   +            (helmet restricted)
rElec   .            v - scarf {repulsion}
rCorr   +            (gloves unavailable)
SInv    .            (boots unavailable)
Will    .....        D - amulet of regeneration
Stlth   +            F - +6 ring of strength
HPRegen 1.98/turn    I - ring of positive energy
MPRegen 0.12/turn

%: repel missiles
@: mighty, protected from physical damage, on berserk cooldown, slowed, very
slow
A: large, unfitting armour, claws 3, regeneration 1, shaggy fur 1, tough skin 1,
talons 1, iridescent scales 1, agile 1, poison resistance, MP-powered wands
a: Renounce Religion, Upheaval, Elemental Force, Disaster Area


You were on level 2 of the Orcish Mines.
You worshipped Qazlal.
Qazlal was extremely pleased with you.
You visited 3 branches of the dungeon, and saw 14 of its levels.

You collected 1810 gold pieces.

Inventory:

Hand Weapons
 s - the +5 whip of Shrieking Terror {flame, Int+3}
   (You found it on level 3 of the Dungeon)

   Int:       It affects your intelligence (+3).
 W - a +4 scimitar of flaming
Missiles
 f - 7 boomerangs (quivered)
 h - 5 throwing nets
 j - 11 poisoned darts
 y - 38 stones
 Q - 3 large rocks
Armour
 a - a +0 robe
 b - +0 steam dragon scales
 v - a scarf of repulsion (worn)
 J - a +0 troll leather armour
 P - a +0 tower shield (worn)
 R - a +1 cloak
 U - +0 acid dragon scales (worn)
Magical Staves
 q - a staff of fire
Jewellery
 D - an amulet of regeneration (around neck)
 F - a +6 ring of strength (left claw)
 I - a ring of positive energy (right claw)
 T - a ring of ice
Wands
 k - a wand of roots (13)
 n - a wand of polymorph (7)
 p - a wand of mindburst (23)
 u - a wand of paralysis (9)
 G - a wand of acid (8)
 O - a wand of flame (41)
Scrolls
 e - 4 scrolls of blinking
 r - 6 scrolls of amnesia
 z - 3 scrolls of fear
 A - a scroll of poison {unknown}
 B - a scroll of summoning {unknown}
 C - 3 scrolls of enchant weapon
 E - 2 scrolls of acquirement {unknown}
 H - a scroll of brand weapon
 K - 2 scrolls of teleportation {unknown}
 L - 2 scrolls of magic mapping {unknown}
 M - 2 scrolls of fog {unknown}
 N - a scroll of vulnerability {unknown}
 V - a scroll of identify
Potions
 c - 2 potions of might
 d - 2 potions of flight
 g - a potion of brilliance {unknown}
 i - 5 potions of curing
 l - 2 potions of berserk rage
 m - 3 potions of invisibility
 o - 4 potions of attraction
 t - 4 potions of lignification
 w - a potion of mutation
 x - 2 potions of heal wounds
 S - 2 potions of ambrosia


   Skills:
 + Level 4.4 Fighting
 + Level 3.9 Throwing
 + Level 2.8 Armour
 + Level 8.1 Dodging
 - Level 0.3 Stealth
 + Level 10.2 Shields
 + Level 14.0 Unarmed Combat


You had 11 spell levels left.
You didn't know any spells.
Your spell library contained the following spells:

 Spells                   Type           Power      Damage    Failure   Level
 Blink                    Tloc           0%         N/A       96%         2
 Ensorcelled Hibernation  Hex/Ice        0%         N/A       96%         2
 Lesser Beckoning         Tloc           0%         N/A       96%         2
 Momentum Strike          Conj/Tloc      0%         3d8       96%         2
 Passwall                 Tmut/Erth      0%         N/A       96%         2
 Poisonous Vapours        Pois/Air       0%         N/A       96%         2
 Sublimation of Blood     Necr           0%         N/A       96%         2
 Mephitic Cloud           Conj/Pois/Air  0%         N/A       99%         3
 Swiftness                Air            0%         N/A       99%         3
 Petrify                  Tmut/Erth      0%         N/A       100%        4
 Freezing Cloud           Conj/Ice/Air   0%         6-21      100%        5
 Irradiate                Conj/Tmut      0%         3d11      100%        5


Dungeon Overview and Level Annotations

Branches:
Dungeon (11/15)            Temple (1/1) D:5             Orc (2/2) D:11
    Elf (0/3) Orc:2
   Lair: D:8-11

Altars:
Ashenzari
Fedhas
Kikubaaqudgha
Nemelex Xobeh
Okawaru
Qazlal
Ru
Trog
Vehumet
Xom
Yredelemnul
Zin
The Shining One

Shops:
D:9 :   Orc:2 =!


Innate Abilities, Weirdness & Mutations

You are too large for most types of armour.
You have claws for hands.
Your natural rate of healing is unusually fast.
You are covered in fur. (AC +1)
You have tough skin. (AC +1)
You have sharp toenails.
You are partially covered in iridescent scales. (AC +2)
You are agile. (Dex +4, Str/Int -1)
Your system is resistant to poisons. (rPois)
You expend magic power (3 MP) to strengthen your wands.


Message History

You block the orc high priest's attack.
You barely miss the orc high priest.
The orc high priest is almost dead.
You block the orange demon's attack. You block the orc high priest's attack.
The orc high priest hits you with a +0 hand axe!
* * * LOW HITPOINT WARNING * * *
You feel protected from physical attacks.
You claw the orc high priest!
You kill the orc high priest!
Qazlal accepts your kill.
The chaos spawn degenerates into a cloud of primal chaos!
The orange demon disappears in a puff of smoke!
You hear a shout! x2
Your Unarmed Combat skill increases to level 14!
You mangle the orc high priest!! You claw the orc high priest!
The orc high priest is severely wounded.
The orc high priest prays.
The orc high priest mumbles some strange prayers to Beogh.
The orc high priest prays to Beogh.
The orc high priest hits you but does no damage.
You closely miss the orc high priest. Your kick misses the orc high priest.
The orc high priest is severely wounded.
You block the orc warrior's attack. You block the orc high priest's attack.
You mangle the orc high priest!!
You kill the orc high priest!
Qazlal accepts your kill.
The ynoxinul disappears in a puff of smoke!
The ice devil disappears in a puff of smoke!
The orc warrior hits you with a +0 hand axe!
* * * LOW HITPOINT WARNING * * *
You mangle the ice devil!!
The ice devil is severely wounded.
You hear a shout!
The orc high priest invokes the aid of Beogh against you.
Beogh smites you!
* * * LOW HITPOINT WARNING * * *
You block the orc warrior's attack. The ice devil hits you!
* * * LOW HITPOINT WARNING * * *
The ice devil freezes you!!
You die... ..#......# #... .......### #..###### ........# #..#∩...# .......## #..# ...# ### .....### #..# ...# oo.o

......### ##..###)##oo4..
........###...)))ooho.o8o
.........#..).###4##.o4h
..##..........#)@o.# #
#.#.......#...#°)§.#
######........#○.☼.#
#.##....#.##..#∩...#
..#....#####..######
.......## #.... .........
#..... ......... #######
.....###.


You could see an orc high priest, an ice devil (summoned), a warg, an orc
warrior, an orc priest and 4 orcs.

Vanquished Creatures
  The ghost of ZoeForever1 the Severer, a journeyman MiFi of Uskayaw (Orc:2)
  Fannar (Orc:1)
  Erica (D:10)
  4 orc high priests (Orc:2)
  The ghost of shmup the Arsonist, a novice TeFE (D:6)
  2 orc knights
  A rime drake (D:11)
  A polar bear (D:11)
  4 trolls (D:11)
  A slime creature (D:9)
  3 wyverns
  28 yaks
  2 steam dragons
  3 wargs (Orc:2)
  2 acid dragons (D:10)
  16 orc warriors
  A sky beast (D:6)
  2 black bears
  6 ice beasts
  8 ogres
  4 wolves (D:11)
  A centaur (D:9)
  A phantom (D:7)
  A kobold brigand (D:8)
  Blork the orc (D:5)
  5 bullfrogs
  5 scorpions
  2 gnoll sergeants
  11 wights
  13 killer bees
  3 howler monkeys
  6 electric eels (D:10)
  9 crimson imps (D:7)
  26 orc priests
  3 hounds
  5 jellies (D:9)
  2 gnoll boudas
  5 sleepcaps
  Jessica (D:2)
  5 iguanas
  23 orc wizards
  19 gnolls
  6 adders
  8 white imps
  An ufetubus (D:6)
  2 worms (D:4)
  A dart slug (D:2)
  53 orcs
  8 ball pythons
  20 endoplasms
  3 giant cockroaches (D:1)
  2 goblins
  5 hobgoblins
  10 kobolds
  2 quokkas (D:1)
  3 bats
  3 frilled lizards
  4 rats
370 creatures vanquished.

Vanquished Creatures (others)
  A yak (D:11)
1 creature vanquished.

Grand Total: 371 creatures vanquished

Notes
Turn   | Place    | Note
-------+----------+-------------------------------------------
     0 | D:1      | CraigForest the Troll Fighter began the quest for the Orb.
     0 | D:1      | Reached XP level 1. HP: 22/22 MP: 0/0
    74 | D:1      | Reached XP level 2. HP: 27/29 MP: 1/1
   502 | D:2      | Reached XP level 3. HP: 34/36 MP: 2/2
   654 | D:2      | Noticed Jessica
   658 | D:2      | Killed Jessica
   659 | D:2      | Reached XP level 4. HP: 44/44 MP: 3/3
   899 | D:2      | Found a blossoming altar of Fedhas.
  1162 | D:3      | Identified the +5 whip of Shrieking Terror {flame, Int+3}
  1267 | D:3      | Found a broken altar of Ashenzari.
  1327 | D:3      | You fall into a shaft and drop 2 floors!
  1327 | D:5      | Entered Level 5 of the Dungeon
  1402 | D:5      | Found a staircase to the Ecumenical Temple.
  1409 | Temple   | Entered the Ecumenical Temple
  1413 | Temple   | Became a worshipper of Qazlal Stormbringer
  1459 | D:5      | Reached skill level 3 in Unarmed Combat
  1506 | D:4      | Reached skill level 1 in Throwing
  1527 | D:4      | Noticed a scorpion
  1532 | D:4      | Killed a scorpion
  1533 | D:4      | Reached XP level 5. HP: 50/50 MP: 4/4
  1579 | D:4      | Reached skill level 4 in Unarmed Combat
  1779 | D:4      | Reached XP level 6. HP: 59/59 MP: 5/5
  2458 | D:5      | Reached skill level 5 in Unarmed Combat
  2465 | D:5      | Reached * piety under Qazlal
  2508 | D:5      | Reached XP level 7. HP: 33/66 MP: 6/6
  2783 | D:5      | Found a radiant altar of Vehumet.
  2848 | D:5      | Found an iron altar of Okawaru.
  3010 | D:5      | Reached skill level 6 in Unarmed Combat
  3156 | D:5      | Noticed Blork the orc
  3169 | D:5      | Killed Blork the orc
  3326 | D:6      | Reached XP level 8. HP: 71/75 MP: 7/7
  3413 | D:6      | Reached skill level 7 in Unarmed Combat
  3462 | D:6      | Found a runed translucent door.
  3473 | D:6      | Noticed shmup's ghost (novice TeFE)
  3498 | D:6      | Killed shmup's ghost
  3498 | D:6      | Reached ** piety under Qazlal
  3499 | D:6      | Reached skill level 5 in Dodging
  3499 | D:6      | Reached skill level 5 in Shields
  3499 | D:6      | Reached skill level 8 in Unarmed Combat
  3500 | D:6      | Reached XP level 9. HP: 47/84 MP: 8/8
  3581 | D:6      | Gained mutation: You have a pair of small antennae on your
                  | head. [potion of mutation]
  3581 | D:6      | Gained mutation: You are partially covered in iridescent
                  | scales. (AC +2) [potion of mutation]
  3581 | D:6      | Gained mutation: You occasionally lose the ability to read
                  | scrolls when taking damage. [potion of mutation]
  3581 | D:6      | Gained mutation: You have large cloven feet. [potion of
                  | mutation]
  4502 | D:7      | Reached skill level 9 in Unarmed Combat
  5304 | D:8      | Reached skill level 10 in Unarmed Combat
  5310 | D:8      | Reached *** piety under Qazlal
  5324 | D:8      | Reached XP level 10. HP: 81/92 MP: 9/9
  5855 | D:9      | Found Agaclu Ennu's Tiny Tomes.
  5939 | D:9      | Found a glowing silver altar of Zin.
  5981 | D:9      | Reached **** piety under Qazlal
  6071 | D:9      | Found a shimmering altar of Xom.
  6072 | D:9      | Found a bloodstained altar of Trog.
  6163 | D:9      | Lost mutation: You have large cloven feet. [potion of
                  | mutation]
  6163 | D:9      | Lost mutation: You have a pair of small antennae on your
                  | head. [potion of mutation]
  6163 | D:9      | Lost mutation: You occasionally lose the ability to read
                  | scrolls when taking damage. [potion of mutation]
  6163 | D:9      | Gained mutation: You have sharp toenails. [potion of
                  | mutation]
  6163 | D:9      | Gained mutation: You are agile. (Dex +4, Str/Int -1)
                  | [potion of mutation]
  6163 | D:9      | Gained mutation: Your system is resistant to poisons.
                  | (rPois) [potion of mutation]
  6163 | D:9      | Gained mutation: You expend magic power (3 MP) to
                  | strengthen your wands. [potion of mutation]
  6273 | D:9      | Reached skill level 11 in Unarmed Combat
  6517 | D:10     | Entered Level 10 of the Dungeon
  6606 | D:10     | Reached skill level 12 in Unarmed Combat
  6855 | D:10     | Reached XP level 11. HP: 54/100 MP: 10/10
  7098 | D:10     | Found a glowing golden altar of the Shining One.
  7120 | D:10     | Found a basalt altar of Yredelemnul.
  7178 | D:10     | Noticed Erica
  7193 | D:10     | Killed Erica
  7578 | D:11     | Reached skill level 1 in Armour
  7580 | D:11     | Reached ***** piety under Qazlal
  7581 | D:11     | Reached skill level 13 in Unarmed Combat
  7770 | D:11     | Found a staircase to the Orcish Mines.
  7833 | Orc:1    | Entered Level 1 of the Orcish Mines
  7833 | Orc:1    | Noticed an orc knight
  7862 | D:11     | Killed an orc knight
  8041 | Orc:1    | Noticed Fannar
  8054 | Orc:1    | Killed Fannar
  8163 | Orc:1    | Noticed an orc knight
  8180 | Orc:1    | Killed an orc knight
  8181 | Orc:1    | Reached XP level 12. HP: 47/107 MP: 11/11
  8383 | Orc:2    | Entered Level 2 of the Orcish Mines
  8451 | Orc:2    | Found a runed translucent door.
  8455 | Orc:2    | Noticed ZoeForever1's ghost (journeyman MiFi)
  8483 | Orc:2    | Found a staircase to the Elven Halls.
  8651 | Orc:2    | Killed ZoeForever1's ghost
  8804 | Orc:2    | Noticed an orc high priest
  8811 | Orc:2    | Noticed an orc high priest
  8822 | Orc:2    | Noticed an orc high priest
  8827 | Orc:2    | Found Soklagus's Distillery.
  8827 | Orc:2    | Found Laqoahot's Jewellery Shoppe.
  8827 | Orc:2    | Noticed an orc high priest
  8827 | Orc:2    | Noticed an orc high priest
  8840 | Orc:2    | Killed an orc high priest
  8852 | Orc:2    | Killed an orc high priest
  8853 | Orc:2    | Reached skill level 10 in Shields
  8858 | Orc:2    | HP: 5/163 [smoke demon/divine providence[an orc high
                  | priest] (11)]
  8869 | Orc:2    | Killed an orc high priest
  8870 | Orc:2    | Reached skill level 14 in Unarmed Combat
  8872 | Orc:2    | Killed an orc high priest
  8873 | Orc:2    | HP: 5/109 [ice devil[an orc high priest] (7)]
  8873 | Orc:2    | Mangled by an ice devil

Illustrated notes

Levels and vault maps discovered:
D:1:      tarquinn_simple_flora_water_d, layout_basic
D:2:      layout_loops_ring, basic_altar, minmay_pentomino_p2, uniq_jessica
D:3:      layout_basic, nicolae_ashenzari_skybound
D:4:      layout_basic, minivault_27, small_statue_alley_b, chequers_big_river
D:5:      layout_gridville, hellmonk_okawaru_the_only_friend_you_need,
          mainiacjoe_overflow_boulevard, minmay_temple_entry_nine_rooms,
          uniq_blork_the_orc
D:6:      layout_basic, hellmonk_ghost_happy_afterlife, minmay_fractal_squares_5
D:7:      layout_basic, chequers_serial_rivers_small_b, minmay_nine_imps
D:8:      black_bear_nest_1, layout_rooms, grunt_ministairs_6
D:9:      lemuel_slime, layout_basic, grunt_temple_overflow_open,
          zin_scriptorium, nicolae_shop_i_like_small_books_too
D:10:     layout_basic, tso_metal_star, mainiacjoe_overflow_paths, minivault_5,
          chequers_mini_garden, uniq_erica
D:11:     layout_long_grid, hellmonk_lair_entry_icy, orc_0_dummy, serial_ice,
          serial_ice_g, serial_ice_c, serial_ice_k, serial_ice_d, serial_ice_h,
          yredelemnul_forgotten_temple_becter
Temple:   zaba_magenta_temple
Orc:1:    layout_diamond_mine, basic_altar, uniq_fannar
Orc:2:    st_orc_town, layout_diamond_mine, ebering_ghost_reflecting_pool

Skill      XL: |  1  2  3  4  5  6  7  8  9 10 11 12 |
---------------+-------------------------------------+-----
Shields        | 3 4 5 6 7 9 10 | 10.2
Dodging        | 3 4 5 6 7 8 |  8.1
Unarmed Combat | 3 4 5 6 8 10 12 13 14 | 14.0
Throwing       | 1 2 3 |  3.9
Fighting       | 3 4 |  4.4
Armour         | 2 |  2.8
Stealth        | |  0.3

Action                     |  1- 3 |  4- 6 |  7- 9 | 10-12 || total
---------------------------+-------+-------+-------+-------++-------
  Melee: Unarmed           |    61 |   125 |   244 |   505 ||   935
         Kick              |       |       |    28 |   145 ||   173
  Throw: Stone             |    17 |       |       |       ||    17
         Boomerang         |     6 |    17 |     7 |    18 ||    48
    Use: Scroll            |     5 |     3 |     4 |     5 ||    17
         Potion            |       |       |     1 |     6 ||     7
   Stab: Distracted        |     1 |       |       |       ||     1
 Armour: Robe              |    11 |    21 |    30 |     4 ||    66
         Steam dragon scal |       |       |       |    12 ||    12
         Acid dragon scale |       |       |       |    63 ||    63
  Dodge: Dodged            |    17 |    51 |    63 |   129 ||   260
         Repelled          |       |       |       |     5 ||     5
  Block: Kite shield       |    18 |    56 |    49 |       ||   123
         Tower shield      |       |       |    95 |   493 ||   588
